AoeStats
← rizlinjinson

Oasis

510036630Analyzed
4v4 RM · 3d ago on Sep 29, 2026· 46m 55s· 8 players
Game mode
Random Map
Map size
Large (8 player)
Population
200
Speed
Normal
Resources
Standard
Victory
Conquest
Starting age
Dark Age
Ending age
Imperial Age
RankedLock teamsTeams togetherTeam positionsShared explorationLock speedFull tech treeHidden civsTurbo modeCheats
Victory
Defeat
🇺🇸 Teutons · United States
1201
+16
🇺🇸 Ethiopians · United States
1152
+18
🇺🇸 Persians · United States
1144
+18
🇺🇸 Gurjaras · United States
1097
+21
🇲🇽 Turks · Mexico
1224
-19
🇺🇸 Mongols · United States
1210
-19
🇨🇦 Sicilians · Canada
1186
-18
🇨🇦 Spanish · Canada
1162
-17
thk_ultra
6:13 Loom
10:37 Feudal Age
11:42 Double-Bit Axe
16:37 Castle Age
16:48 Town Watch
25:12 Horse Collar
27:25 Heavy Plow
32:21 Fletching
36:05 Wheelbarrow
39:58 First Crusade
40:45 Forging
40:36 Scale Mail Armor
41:30 Arson
41:45 Squires
41:36 Gambesons
42:29 Iron Casting
42:57 Bow Saw
44:54 Chain Mail Armor
ruanameyer
10:53 Feudal Age
9:09 Loom
11:40 Loom
14:47 Castle Age
12:45 Horse Collar
12:55 Double-Bit Axe
16:59 Bow Saw
17:00 Heavy Plow
20:35 Wheelbarrow
23:01 Hand Cart
22:45 Gold Mining
22:53 Stone Mining
24:16 Gold Shaft Mining
27:43 Stone Shaft Mining
29:50 Imperial Age
31:02 Fletching
31:14 Padded Archer Armor
31:41 Bodkin Arrow
31:09 Elite Mangudai
32:20 Masonry
32:31 Ballistics
33:11 Chemistry
32:17 Siege Engineers
33:07 Conscription
33:03 Leather Archer Armor
33:18 Bracer
34:33 Bloodlines
34:23 Husbandry
34:50 Parthian Tactics
34:30 Thumb Ring
PoonSlapper
9:12 Loom
11:23 Feudal Age
12:52 Horse Collar
13:06 Double-Bit Axe
21:01 Fletching
21:12 Padded Archer Armor
23:25 Wheelbarrow
26:07 Castle Age
28:17 Fortified Wall
32:50 Imperial Age
31:56 Caravan
36:32 Pikeman
37:13 Squires
36:58 Gambesons
42:04 Bodkin Arrow
42:21 Forging
SHADOW2727z
0:41 Loom
10:56 Feudal Age
12:18 Wheelbarrow
18:07 Double-Bit Axe
20:45 Castle Age
19:25 Horse Collar
30:12 Hand Cart
37:18 Imperial Age
Stupid Bob
7:53 Loom
10:48 Feudal Age
10:52 Man-at-Arms
12:26 Arson
12:30 Double-Bit Axe
12:51 Horse Collar
16:04 Wheelbarrow
19:40 Castle Age
21:29 Heavy Plow
21:41 Bow Saw
21:33 Gold Mining
24:58 Fervor
25:58 Hand Cart
26:43 Squires
27:16 Redemption
27:16 Fletching
28:12 Pikeman
29:45 Ballistics
33:49 Imperial Age
32:08 Ironclad
34:01 Bodkin Arrow
34:07 Padded Archer Armor
33:31 Elite Skirmisher
35:14 Caravan
35:15 Scale Mail Armor
35:44 Conscription
35:46 Crenellations
35:57 Crenellations
35:55 Town Watch
37:22 Chemistry
36:27 Siege Engineers
36:45 Chain Mail Armor
36:40 Forging
36:47 Leather Archer Armor
37:45 Bloodlines
37:01 Halberdier
38:08 Masonry
38:05 Long Swordsman
38:30 Gambesons
39:32 Elite Teutonic Knight
41:01 Ring Archer Armor
41:06 Iron Casting
41:02 Plate Mail Armor
43:29 Two-Man Saw
43:01 Crop Rotation
44:20 Blast Furnace
44:00 Town Patrol
freddie
2:14 Loom
11:03 Feudal Age
15:12 Castle Age
12:59 Double-Bit Axe
15:27 Horse Collar
16:10 Bow Saw
25:00 Forging
25:05 Heavy Plow
24:56 Town Watch
24:37 Light Cavalry
27:07 Wheelbarrow
28:03 Town Patrol
28:21 Hand Cart
31:24 Imperial Age
29:10 Bloodlines
29:00 Husbandry
30:21 Kshatriyas
30:55 Stone Mining
31:00 Gold Mining
32:22 Iron Casting
31:53 Scale Barding Armor
32:00 Hussar
33:09 Frontier Guards
33:10 Conscription
33:44 Caravan
34:45 Chain Barding Armor
34:40 Siege Elephant
37:37 Gold Shaft Mining
38:08 Heavy Camel Rider
43:28 Elite Chakram Thrower
44:51 Arson
rizlinjinson
7:21 Loom
9:52 Feudal Age
10:52 Double-Bit Axe
15:05 Fletching
22:31 Castle Age
20:15 Horse Collar
20:27 Gold Mining
21:27 Man-at-Arms
22:36 Padded Archer Armor
22:44 Crossbowman
24:03 Bodkin Arrow
24:26 Leather Archer Armor
25:32 Bow Saw
25:23 Heavy Plow
26:47 Gold Shaft Mining
27:55 Wheelbarrow
28:33 Arson
31:52 Ballistics
33:03 Hand Cart
32:44 Stone Mining
33:50 Thumb Ring
37:43 Imperial Age
38:04 Arbalester
38:46 Bracer
42:24 Chemistry
41:31 Siege Engineers
46:41 Two-Man Saw
45:17 Elite Shotel Warrior
46:32 Ring Archer Armor
46:03 Scale Mail Armor
LaserLobbes
8:56 Loom
11:08 Feudal Age
15:41 Castle Age
14:44 Double-Bit Axe
14:54 Horse Collar
17:00 Bow Saw
19:52 Wheelbarrow
19:26 Heavy Plow
21:04 Hand Cart
25:10 Gold Mining
28:42 Imperial Age
27:00 Bloodlines
26:50 Husbandry
26:51 Fletching
27:12 Forging
27:08 Scale Barding Armor
29:42 Iron Casting
29:28 Chain Barding Armor
29:04 Bodkin Arrow
30:47 Gold Shaft Mining
30:20 Padded Archer Armor
30:31 Cavalier
35:00 Conscription
34:42 Kamandaran
36:56 Plate Barding Armor
37:21 Blast Furnace
37:39 Savar
Connection lost

Rejoining the realm…

Still unreachable

The connection could not be restored.

Session expired

The server has moved on; the page needs a fresh start.